 Dungeon Crawl Stone Soup version v3.33-hellcrawl-87-gc32ded8 (webtiles) character file.

30414 wearedevo the Impassioned (level 15, -24/138 HPs)
             Began as a Hill Orc Fighter on Aug 18, 2017.
             Was a Follower of Uskayaw.
             Killed from afar by a balrug (48 damage)
             ... with a fireball
             ... summoned by Asterion
             ... on level 2 of the Spider Nest.
             The game lasted 00:44:14 (24750 turns).

wearedevo the Impassioned (Hill Orc Fighter)       Turns: 24750, Time: 00:44:15

Health: -24/138    AC: 33 (48%)Str: 31  XL:     15   Next: 82%
Magic:  28/28      EV:  6    Int:  8    God:    Uskayaw [*.....]
Gold:   770        SH:  0    Dex: 10    Spells: 14/14 levels left

rFire    . . .     SeeInvis .   S - +12 glaive of Prune {chop}
rCold    + . .     Faith    +   (shield currently unavailable)
rNeg     . . .     Spirit   .   P - +4 crystal plate armour {rC+}
rPois    +         Reflect  .   E - +2 hat {MR+}
rElec    .                      Z - +0 cloak {+Inv}
rCorr    .                      Q - +2 pair of gloves
MR       ++...                  (no boots)
Stlth    ..........             t - amulet of faith
Regen    0.4/turn               G - ring of poison resistance
MPRegen  0.3/turn               v - +3 ring of slaying

@: mighty, liquid flames, about to teleport, glowing
A: no striking features
a: Stomp, Renounce Religion, Evoke Invisibility


You were on level 2 of the Spider Nest.
You worshipped Uskayaw.
Uskayaw was most pleased with you.
You were not hungry.

You visited 3 branches of the dungeon, and saw 19 of its levels.
You also visited: Ice Cave.

You collected 2573 gold pieces.
You spent 1803 gold pieces at shops.

Inventory:

Hand Weapons
 S - the +12 glaive of Prune (weapon) {chop}
   (You found it on level 12 of the Dungeon)

   It inflicts extra damage upon your enemies.
 V - a +2 war axe of flaming
 X - a +1 battleaxe of freezing
Missiles
 e - 3913 stones (quivered)
 f - 1097 bolts
 n - 2940 arrows
 o - 123 tomahawks
 u - 117 javelins
 y - 14 frenzy darts
 B - 180 poisoned darts
Armour
 a - the +2 hat of the Orb Guardian {-Cast rF- MR+++ Dex+8}
   (You found it on level 1 of the Orcish Mines)

   It affects your dexterity (+8).
   It makes you vulnerable to fire.
   It affects your resistance to hostile enchantments.
   It prevents spellcasting.
 c - a +0 shield
 m - a +0 pair of gloves
 x - the +3 hat of Pondering {ponderous, MR+ MP+10 Int+5}
   (You took it off Gastronok on level 11 of the Dungeon)

   It affects your intelligence (+5).
   It affects your resistance to hostile enchantments.
   It affects your magic capacity (+10).
 E - a +2 hat of magic resistance (worn)
 I - a +0 helmet
 P - a +4 crystal plate armour of cold resistance (worn)
 Q - a +2 pair of gloves (worn)
 Z - a +0 cloak of invisibility (worn)
Jewellery
 g - an uncursed ring of resist corrosion
 h - a +3 ring of evasion
 t - an amulet of faith (around neck)
 v - a +3 ring of slaying (right hand)
 G - a ring of poison resistance (left hand)
 O - an uncursed ring of fire
 R - an uncursed amulet of regeneration
Wands
 l - a wand of paralysis (7)
 w - a wand of slowing (17)
 K - a wand of acid (7)
 T - a wand of iceblast (5)
 W - a wand of scattershot (1)
 Y - a wand of flame (9)
Scrolls
 j - a scroll of teleportation
 k - 7 scrolls of amnesia
 q - 5 scrolls of blinking
 r - a scroll of brand weapon
 z - 2 scrolls of fog
 M - a scroll of magic mapping
 U - a scroll of enchant weapon
Potions
 b - a potion of resistance
 d - 2 potions of might
 i - a potion of curing {@q1}
 A - a potion of brilliance
 D - 10 potions of mutation
 F - 5 potions of flight
 H - 2 potions of agility
 J - 3 potions of lignification
 L - 2 potions of heal wounds
 N - 3 potions of haste


   Skills:
 + Level 14.2 Fighting
 - Level 14.8(16.6) Axes
 - Level 2.0(8.6) Maces & Staves
 * Level 11.1(13.4) Polearms
 + Level 12.9 Armour
 - Level 3.2 Shields
 * Level 19.3 Invocations


You had 14 spell levels left.
You didn't know any spells.

Dungeon Overview and Level Annotations

Branches:
Dungeon (15/15)            Spider (2/3) Orc:2         Slime (0/4) Orc:2
    Orc (2/2) D:15         Vaults (0/3) D:15         Depths (0/3) D:15
  Swamp: Orc:2       Shoals: Orc:2

Altars:
Cheibriados
Dithmenos
Elyvilon
Gozag
Hepliaklqana
Kikubaaqudgha
Makhleb
Nemelex Xobeh
Okawaru
Qazlal
Ru
Sif Muna
Trog
Uskayaw
Vehumet
Xom
Yredelemnul
Zin
The Shining One

Shops:
D:10 =   D:13 ?   Orc:1 =   Orc:2 *[=!*

Annotations:
Spider:2 Asterion
Orc:2 exclusion: oklob plant


Message History

You are covered in liquid flames!
* * * LOW HITPOINT WARNING * * *
Asterion hits you from afar with a +1 demon trident of electrocution (1).
* * * LOW HITPOINT WARNING * * *
The balrug hits you but does no damage.
You take 11 damage, and have 30/138 hp.
You feel much better.
You are covered in liquid flames!
* * * LOW HITPOINT WARNING * * *
Asterion completely misses you. The balrug gestures at you.
The fireball explodes!
The fireball engulfs you!
That hurt (10)!
* * * LOW HITPOINT WARNING * * *
The fireball engulfs the balrug (0).
The balrug completely resists.
You take 1 damage, and have 29/138 hp.
You are covered in liquid flames!
* * * LOW HITPOINT WARNING * * *
The balrug gestures at you.
The fireball explodes!
The fireball engulfs you!
That hurt (48)!
You die...

......................≈#
...................^##≈≈
...................#.##
##......$............#
#......^...........##
.................##
..........H2....#
.............≈≈#
........^@..≈≈#
^..#.#...##### ######^##
###


You could see Asterion and a balrug.

Vanquished Creatures
  Rupert (Orc:2)
  Gastronok (D:11)
  A ghost moth (Spider:1)
  A reaper (IceCv)
  4 entropy weavers
  Nessos (D:15)
  An ettin (Orc:1)
  A yaktaur captain (D:15)
  2 ogre magi (D:12)
  2 hydras (D:13)
  3 centaur warriors (D:15)
  A catoblepas (D:13)
  A death knight (D:13)
  A tengu warrior (D:14)
  A queen ant (Spider:1)
  4 orc high priests
  4 two-headed ogres
  A fire crab (D:14)
  2 unseen horrors
  3 skeletal warriors (D:11)
  2 wizards (D:12)
  Pikel (D:8)
  9 wolf spiders
  2 phantasmal warriors (D:13)
  5 deep elf magi
  A hornet (Spider:1)
  5 orc sorcerers
  6 orc knights
  3 centaur zombies
  4 manticores
  2 cyclopes
  8 ugly things
  A moth of wrath (shapeshifter) (D:15)
  2 torpor snails (Spider:1)
  An orb spider (Spider:2)
  2 gargoyles
  2 spiny frogs
  2 ice statues (IceCv)
  2 centaur skeletons
  An efreet (D:14)
  A freezing wraith (D:13)
  2 rime drakes
  A yaktaur (D:15)
  6 ice devils (IceCv)
  7 demonic crawlers
  4 trolls
  A tengu conjurer (D:14)
  11 jumping spiders
  3 blink frogs (D:10)
  4 slime creatures (D:15)
  A meliai zombie (D:11)
  18 yaks
  38 redbacks
  2 wraiths
  4 wyverns
  Eustachio (D:6)
  A hog (shapeshifter) (D:13)
  6 tarantellas
  16 humans (D:15)
  An angry ghost (D:8)
  2 steam dragons (D:13)
  A swamp worm (shapeshifter) (D:14)
  6 acid dragons
  10 soldier ants (Spider:1)
  A spiny frog zombie (D:7)
  3 water moccasins
  A spiny frog skeleton (D:8)
  26 orc warriors
  2 slaves (D:8)
  14 ice beasts
  3 black bears
  2 wasps
  9 ogres
  2 swamp drakes
  A blink frog zombie (D:10)
  15 centaurs
  2 blink frog skeletons
  A gnoll sergeant (D:9)
  A rime drake zombie (D:6)
  2 wyvern zombies
  4 scorpions
  7 crimson imps
  3 howler monkeys
  6 wights
  A bullfrog zombie (D:7)
  A quasit (D:7)
  5 hounds
  14 orc priests
  8 jellies
  23 orc wizards
  An iron imp (Orc:1)
  26 worker ants
  5 iguanas
  A hound zombie (D:6)
  A hound skeleton (D:7)
  13 gnolls
  6 adders
  2 shadow imps
  5 white imps
  2 oozes
  10 ufetubi (IceCv)
  2 dart slugs
  68 orcs
  8 quokkas
  6 bats
  3 giant cockroaches
  11 goblins
  8 hobgoblins
  9 jackals
  6 kobolds
  A ball python (D:4)
  3 frilled lizards
  7 rats
  2 fungi (D:12)
  2 plants (D:11)
609 creatures vanquished.

Vanquished Creatures (others)
  A wight (D:9)
  An orc wizard (Orc:2)
  2 white imps (IceCv)
  5 ufetubi (IceCv)
  15 fungi
  5 plants
29 creatures vanquished.

Grand Total: 638 creatures vanquished

Notes
Turn   | Place    | Note
-------+----------+-------------------------------------------
     0 | D:1      | wearedevo the Hill Orc Fighter began the quest for the Orb.
     0 | D:1      | Reached XP level 1. HP: 19/19 MP: 1/1
    18 | D:1      | Reached XP level 2. HP: 26/26 MP: 2/2
   233 | D:1      | Reached XP level 3. HP: 29/31 MP: 3/3
   785 | D:2      | Reached skill level 5 in Axes
   826 | D:2      | Found a radiant altar of Vehumet.
  1066 | D:2      | Reached XP level 4. HP: 38/39 MP: 4/4
  1316 | D:3      | Found a faded altar of an unknown god.
  1645 | D:3      | Found a bloodstained altar of Trog.
  1656 | D:3      | Reached XP level 5. HP: 38/45 MP: 5/5
  1909 | D:3      | Found a shadowy altar of Dithmenos.
  1926 | D:3      | Reached XP level 6. HP: 37/51 MP: 6/6
  3158 | D:4      | Found a shadowy altar of Dithmenos.
  3173 | D:4      | Reached XP level 7. HP: 44/57 MP: 7/7
  3411 | D:4      | Found a basalt altar of Yredelemnul.
  3414 | D:4      | Found an ancient bone altar of Kikubaaqudgha.
  3416 | D:4      | Found a deep blue altar of Sif Muna.
  3419 | D:4      | Found a stormy altar of Qazlal.
  3419 | D:4      | Found a white marble altar of Elyvilon.
  3419 | D:4      | Found a burning altar of Makhleb.
  3422 | D:4      | Found a snail-covered altar of Cheibriados.
  3423 | D:4      | Found an opulent altar of Gozag.
  3425 | D:4      | Found a shimmering altar of Xom.
  3603 | D:5      | Entered Level 5 of the Dungeon
  3651 | D:5      | Reached skill level 10 in Axes
  3711 | D:5      | Found a hide-covered altar of Uskayaw.
  3725 | D:5      | Became a worshipper of Uskayaw the Reveler
  3736 | D:5      | Reached * piety under Uskayaw
  3738 | D:5      | Reached ** piety under Uskayaw
  4085 | D:5      | Reached *** piety under Uskayaw
  4088 | D:5      | Found a bloodstained altar of Trog.
  4144 | D:5      | Reached skill level 5 in Fighting
  4164 | D:5      | Reached skill level 1 in Invocations
  4164 | D:5      | Reached XP level 8. HP: 68/68 MP: 7/9
  4239 | D:5      | Reached skill level 2 in Invocations
  4812 | D:6      | Noticed Eustachio
  4824 | D:6      | Reached skill level 3 in Invocations
  4828 | D:6      | Found an iron altar of Okawaru.
  4829 | D:6      | Reached **** piety under Uskayaw
  4836 | D:6      | Killed Eustachio
  4836 | D:6      | Reached skill level 4 in Invocations
  4860 | D:6      | Found a glowing silver altar of Zin.
  4868 | D:6      | Found a sacrificial altar of Ru.
  4910 | D:6      | Reached skill level 5 in Invocations
  5024 | D:6      | Reached XP level 9. HP: 67/78 MP: 13/13
  5030 | D:6      | Found a hazy altar of Hepliaklqana.
  5076 | D:6      | Reached skill level 5 in Armour
  5076 | D:6      | Reached skill level 6 in Invocations
  5365 | D:7      | Found a sparkling altar of Nemelex Xobeh.
  5404 | D:7      | Reached skill level 7 in Invocations
  5409 | D:7      | Noticed a gargoyle
  6009 | D:7      | Reached skill level 8 in Invocations
  6011 | D:7      | Reached ***** piety under Uskayaw
  6079 | D:7      | Found a glowing golden altar of the Shining One.
  6267 | D:7      | Killed a gargoyle
  6267 | D:7      | Reached XP level 10. HP: 24/88 MP: 12/16
  6678 | D:8      | Reached skill level 9 in Invocations
  6726 | D:8      | Noticed an orc high priest
  6737 | D:8      | Noticed an orange demon
  6737 | D:8      | Killed an orc high priest
  7045 | D:8      | Noticed Pikel
  7052 | D:8      | Reached skill level 10 in Invocations
  7057 | D:8      | Killed Pikel
  7563 | D:9      | Found a radiant altar of Vehumet.
  7687 | D:9      | Reached skill level 11 in Invocations
  7691 | D:9      | Reached XP level 11. HP: 62/97 MP: 15/19
  8306 | D:10     | Entered Level 10 of the Dungeon
  8638 | D:10     | Killed an unseen horror
  8638 | D:10     | Reached skill level 12 in Invocations
  8804 | D:10     | Noticed a two-headed ogre
  8833 | D:10     | Killed a two-headed ogre
  9053 | D:10     | Reached skill level 10 in Fighting
  9169 | D:10     | Found Luuwed's Jewellery Shop.
  9270 | D:11     | Noticed a white ugly thing
  9271 | D:11     | Noticed Gastronok
  9555 | D:11     | Noticed a skeletal warrior
  9557 | D:11     | Noticed a skeletal warrior
  9620 | D:11     | Killed a skeletal warrior
  9620 | D:11     | Reached skill level 13 in Invocations
 10100 | D:11     | Killed a skeletal warrior
 10100 | D:11     | Reached XP level 12. HP: 28/107 MP: 8/21
 10609 | D:11     | HP: 5/107 [Gastronok (8)]
 10611 | D:11     | Killed Gastronok
 11334 | D:11     | Reached skill level 14 in Invocations
 12008 | D:12     | Reached skill level 10 in Armour
 12401 | D:12     | Noticed an ogre mage
 12401 | D:12     | Noticed an ogre mage
 12411 | D:12     | Killed an ogre mage
 12412 | D:12     | Killed an ogre mage
 12413 | D:12     | Reached skill level 15 in Invocations
 12669 | D:12     | Reached XP level 13. HP: 116/116 MP: 24/24
 13035 | D:13     | Reached skill level 1 in Maces & Staves
 13304 | D:13     | Reached skill level 1 in Polearms
 14352 | D:13     | Found Kimeur's Magic Scroll Boutique.
 14359 | D:13     | Bought a scroll of acquirement for 624 gold pieces
 14362 | D:13     | Bought a scroll of blinking for 90 gold pieces
 14362 | D:13     | Bought 3 scrolls of teleportation for 108 gold pieces
 14362 | D:13     | Bought a scroll of fear for 42 gold pieces
 14594 | D:14     | Reached skill level 16 in Invocations
 15257 | D:14     | Reached skill level 5 in Polearms
 15804 | D:15     | Entered Level 15 of the Dungeon
 16336 | D:15     | Noticed a yaktaur captain
 16341 | D:15     | Found a staircase to the Depths.
 16345 | D:15     | Killed a yaktaur captain
 16602 | D:15     | Reached XP level 14. HP: 112/127 MP: 26/26
 17426 | D:15     | Reached skill level 17 in Invocations
 17430 | D:15     | Found a gate to the Vaults.
 17726 | D:15     | Found a staircase to the Orcish Mines.
 17940 | D:15     | Noticed Nessos
 17948 | D:15     | Killed Nessos
 18011 | Orc:1    | Entered Level 1 of the Orcish Mines
 18024 | Orc:1    | Found a frozen archway.
 18161 | IceCv    | Entered an ice cave
 18759 | IceCv    | Noticed a reaper
 18766 | IceCv    | Killed a reaper
 19237 | Orc:1    | Paralysed by an orc sorcerer for 3 turns
 19590 | Orc:1    | Got the +2 hat of the Orb Guardian {-Cast rF- MR+++ Dex+8}
 19821 | Orc:1    | Found Guuk's Jewellery Emporium.
 19829 | Orc:1    | Bought an uncursed amulet of faith for 680 gold pieces
 19913 | Orc:2    | Entered Level 2 of the Orcish Mines
 19918 | Orc:2    | Found a hole to the Spider Nest.
 20087 | Orc:2    | Noticed Rupert
 20103 | Orc:2    | Killed Rupert
 20493 | Orc:2    | Reached ****** piety under Uskayaw
 20808 | Orc:2    | Found Jafio's Distillery.
 20819 | Orc:2    | Bought 2 potions of heal wounds for 110 gold pieces
 20865 | Orc:2    | Reached skill level 18 in Invocations
 21274 | Orc:2    | Reached XP level 15. HP: 131/136 MP: 28/28
 21557 | Orc:2    | Found Eqesauhi's General Store.
 21557 | Orc:2    | Found Qururhim's General Store.
 21559 | Orc:2    | Found Zaac's Jewellery Emporium.
 21559 | Orc:2    | Found Gatotato's Armour Boutique.
 21568 | Orc:2    | Bought a +0 cloak of invisibility for 149 gold pieces
 21906 | Orc:2    | Found a staircase to the Slime Pits.
 21999 | Spider:1 | Entered Level 1 of the Spider Nest
 22057 | Spider:1 | Killed a ghost moth
 22466 | Spider:1 | Reached skill level 10 in Polearms
 24319 | Spider:1 | Reached skill level 19 in Invocations
 24660 | Spider:2 | Noticed Asterion
 24744 | Spider:2 | Noticed a balrug
 24750 | Spider:2 | Killed from afar by a balrug

Skill      XL: |  1  2  3  4  5  6  7  8  9 10 11 12 13 14 15 |
---------------+----------------------------------------------+-----
Axes           | 3 4 5 6 8 9 10 11 12 13 14 | 14.8
Fighting       | 5 6 7 9 10 11 12 13 14 | 14.2
Invocations    | 1 5 8 11 13 15 16 18 19 | 19.3
Armour         | 4 6 7 9 10 11 12 | 12.9
Maces & Staves | 2 |  2.0
Polearms       | 6 9 11 | 11.1
Shields        | |  3.2

Action                   |  1- 3 |  4- 6 |  7- 9 | 10-12 | 13-15 || total
-------------------------+-------+-------+-------+-------+-------++-------
Melee: War axe           |    91 |   189 |   214 |       |       ||   494
       Hand axe          |       |       |    72 |   537 |       ||   609
       Glaive            |       |       |       |       |   699 ||   699
Throw: Stone             |       |       |       |       |     1 ||     1
Invok: Stomp             |       |       |    10 |    30 |    42 ||    82
       Line Pass         |       |       |       |    10 |     5 ||    15
       Grand Finale      |       |       |       |       |     7 ||     7
Evoke: Wand              |       |       |       |    14 |     8 ||    22
  Use: Scroll            |       |       |     1 |     1 |    11 ||    13
       Potion            |       |       |     1 |     1 |     9 ||    11
 Stab: Paralysed         |       |       |    19 |    42 |    68 ||   129
       Confused          |       |       |       |     5 |     1 ||     6
Armor: Scale mail        |    21 |       |       |       |       ||    21
       Chain mail        |    22 |    59 |       |       |       ||    81
       Plate armour      |       |    33 |   113 |   193 |   304 ||   643
       Crystal plate arm |       |       |       |       |   560 ||   560
Dodge: Dodged            |    25 |    55 |    80 |    92 |   375 ||   627
Block: Shield            |    47 |   103 |   107 |   154 |       ||   411
